Cogmind - Beta 16 @@@ ROGUE MODE // 2025.10.26 @ 21:58:24 Player: taku_the_hopeless Result: Destroyed by as-24484 with Assembled Heavy Rifle Performance ------------- Evolutions (0) 0 Regions Visited (2) 400 Robots Destroyed (22) 110 Value Destroyed (542) 542 Prototype IDs (5) 100 Alien Tech Used (0) 0 Bonus (0) 0 TOTAL SCORE: 1152 Bonus ------- None Cogmind --------- Core Integrity 0/250 Matter 144/300 Energy 18/250 System Corruption 4% Temperature Warm (177) Movement Core (1600) Ox31 Location -10/Mines Parts ------- > --- POWER (1) -------- Ion Engine > --- PROPULSION (2) --- (None) > --- UTILITY (2) ------ Improved Heat Sink Huge Storage Unit > --- WEAPON (2) ------- Advanced Beam Cannon Advanced Beam Cannon > --- INVENTORY (25) --- Ion Engine Light Treads Light Treads Compact Wheel Compact Wheel Compact Wheel Scrap Suit Improved Heat Sink Huge Storage Unit Structural Scanner Structural Scanner ECM Suite Hardened Light Armor Plating Hardened Light Armor Plating Hardened Light Armor Plating Hardened Light Armor Plating Advanced Beam Cannon Peak State ------------ > --- POWER ------------ Ion Engine > --- PROPULSION ------- Light Treads > --- UTILITY ---------- Improved Heat Sink Huge Storage Unit > --- WEAPON ----------- Advanced Beam Cannon Advanced Beam Cannon > --- INVENTORY -------- Ion Engine Light Treads Light Treads Compact Wheel Compact Wheel Compact Wheel Scrap Suit Improved Heat Sink Huge Storage Unit Structural Scanner Structural Scanner ECM Suite Hardened Light Armor Plating Hardened Light Armor Plating Hardened Light Armor Plating Hardened Light Armor Plating Advanced Beam Cannon [Rating: 15] Favorites ----------- Power Light Ion Engine Engine Light Ion Engine Propulsion Compact Wheel Treads Light Treads Wheel Compact Wheel Utility Huge Storage Unit Device Improved Heat Sink Storage Huge Storage Unit Protection Hardened Light Armor Plating Weapon Advanced Beam Cannon Energy Gun Small Laser Energy Cannon Advanced Beam Cannon Ballistic Gun Assault Rifle Ballistic Cannon Light Cannon Launcher Grenade Launcher Build | -11 -10 -10 ------- Run | Yrd Mat Min Slots Evolved . | . . . Power . | . . . Propulsion . | . . . Utility . | . . . Weapon . | . . . Parts Attached 19 | 4 9 6 Power 2 | . 1 1 Engine 2 | . 1 1 Core . | . . . Reactor . | . . . Propulsion 5 | 2 2 1 Treads 2 | 2 . . Leg . | . . . Wheel 3 | . 2 1 Hover . | . . . Flight . | . . . Utility 4 | . 3 1 Device 2 | . 1 1 Storage 1 | . 1 . Processor . | . . . Hackware . | . . . Protection 1 | . 1 . Artifact . | . . . Weapon 8 | 2 3 3 Energy Gun 1 | 1 . . Energy Cannon 4 | . 2 2 Ballistic Gun 1 | 1 . . Ballistic Cannon 1 | . 1 . Launcher 1 | . . 1 Special Weapon . | . . . Impact Weapon . | . . . Slashing Weapon . | . . . Piercing Weapon . | . . . Special Melee Weapon . | . . . Unidentified Prototypes 1 | . 1 . Parts Lost 10 | . . 10 Power 1 | . . 1 Propulsion 5 | . . 5 Utility 1 | . . 1 Weapon 3 | . . 3 Highest Loss Streak 10 | . . 10 To Critical Strikes . | . . . Average Backups 15 | . 15 22 Power 1 | . 1 1 Propulsion 5 | . 5 6 Utility 6 | . 6 10 Weapon 2 | . 2 3 Tool/Special . | . . . Unused Backups 17 | . 2 15 Power 1 | . . 1 Propulsion 5 | . . 5 Utility 10 | . 1 9 Weapon 1 | . 1 . Tool/Special . | . . . Average Slot Usage (%) 96 | . 97 82 Engine 12 | . 12 8 Treads 3 | . 3 5 Wheel 23 | . 24 16 Device 9 | . 9 11 Storage 13 | . 13 14 Protection 3 | . 3 . Energy Cannon 13 | . 13 15 Ballistic Gun 7 | . 7 . Ballistic Cannon 6 | . 6 8 Peak Build Rating 15 | 4 14 15 Average Rating 11 | 3 12 11 On Entrance 5 | . 4 12 Avg Prop Armor Cover (%) 26 | 26 26 . Naked Turns . | . . . Heaviest Build 94 | 3 94 90 Greatest Support 40 | 20 40 32 Greatest Overweight (x) 2 | . 2 2 Average Overweight (x) 1 | . 1 2 Largest Inventory Capacity 25 | 5 25 25 Average Capacity 24 | 5 24 25 Most Carried 25 | . 24 25 Average Carried 15 | . 15 22 Final Capacity 25 | 5 25 25 Final Carried 24 | . 24 18 Class Distribution -------------------- 69% | Scavenger-Mutant 30% | Mutant Dominant Class ---------------- Scavenger-Mutant | -10/Materials Scavenger-Mutant | -10/Mines Resources | -11 -10 -10 ----------- Run | Yrd Mat Min Matter Collected 517 | 240 277 . Remotely . | . . . Salvage Created 931 | . 825 106 Parts 50 | . 46 4 Haulers Intercepted 1 | . 1 . Recyclers Shooed 1 | . 1 . Parts Field Recycled . | . . . Retrieved Matter . | . . . Parts Self-Destructed . | . . . Prevented . | . . . Parts Restored . | . . . Kills | -11 -10 -10 ------- Run | Yrd Mat Min Combat Hostiles Destroyed 18 | . 9 9 Guns 2 | . 2 . Cannons 10 | . 6 4 AOE 5 | . . 5 Classes Destroyed 9 | . 7 2 Worker 1 | . 1 . Builder 2 | . 2 . Hauler 1 | . 1 . Recycler 4 | . 3 1 Operator 2 | . 2 . Watcher 2 | . 2 . Grunt 9 | . 9 . Demolisher 1 | . . 1 Assembled 8 | . . 8 Best Kill Streak 7 | . 3 7 Combat Bots Only 5 | . 2 5 Max Kills in Single Turn 2 | . 1 2 Gunslinging . | . . . Exploded 2 | . . 2 Melee . | . . . Uniques/NPCs Destroyed . | . . . Combat | -11 -10 -10 -------- Run | Yrd Mat Min Hostile Shots Fired 69 | . 32 37 Missed 14 | . 9 5 Hits 55 | . 23 32 Melee 7 | . . 7 Projectile 48 | . 23 25 AOE 13 | . . 13 Part Disruptions 1 | . . 1 Damage Taken 1270 | . 313 957 Core 250 | . 96 154 Absorbed by Shields . | . . . Regen/Repaired (Parts) 75 | . 75 . Core Remaining (%) 100 | 100 . . Volleys Fired 68 | . 48 20 Largest 2 | . 2 2 Hottest 136 | . 98 136 Shots Fired 126 | . 97 29 Gun 45 | . 45 . Cannon 76 | . 52 24 Launcher 5 | . . 5 Special . | . . . Kinetic 56 | . 48 8 Thermal 65 | . 49 16 Explosive 5 | . . 5 Electromagnetic . | . . . Robot Hit Streak 6 | . 6 4 Robot Miss Streak 4 | . 4 2 Penetration Max . | . . . Secondary Targets . | . . . Shots Hit Robots 72 | . 58 14 Core Hits 43 | . 26 17 Critical Kills 1 | . 1 . Critical Parts Destroyed . | . . . Critical Strikes 1 | . 1 . Meltdown 1 | . 1 . Melee Attacks . | . . . Impact . | . . . Slashing . | . . . Piercing . | . . . Sneak Attacks . | . . . Combat Hostiles . | . . . Follow-up Attacks . | . . . Damage Inflicted 1638 | . 1012 626 Guns 386 | . 386 . Cannons 917 | . 608 309 Explosions 317 | . . 317 Melee . | . . . Ramming 18 | . 18 . Kinetic 491 | . 406 85 Thermal 812 | . 588 224 Explosive 317 | . . 317 Electromagnetic . | . . . Impact . | . . . Slashing . | . . . Piercing . | . . . Highest Corruption 4 | . 4 4 Average Corruption 2 | . 2 4 Corruption Purged . | . . . Corruption Blocked . | . . . Effects 13 | . 11 2 Message Errors 1 | . 1 . Matter Fused 4 | . 3 1 Heat Flow Errors 1 | . 1 . Energy Discharges 2 | . 2 . Data Loss (minor) 4 | . 3 1 Misfires 1 | . 1 . Overload Shots . | . . . Overflow Damage 50 | . 19 31 Projectiles 44 | . 19 25 Explosions 6 | . . 6 Melee . | . . . Knockbacks 1 | . . 1 Impact . | . . . Kinetic 1 | . . 1 Secondary . | . . . Self-Inflicted Damage 56 | . 9 47 Shots 2 | . . 2 Rammed 1 | . 1 . Targets Rammed 1 | . 1 . Kicked . | . . . Crushed . | . . . Highest Temperature 214 | . 214 177 Average Temperature 64 | . 66 58 Received Heat Transfer 405 | . 165 240 Siege Activations . | . . . Martial Activations . | . . . Shielding Activations . | . . . Robots Disrupted . | . . . Combat Hostiles . | . . . Robots Corrupted . | . . . Combat Hostiles . | . . . Parts Fried . | . . . Impact Corruptions . | . . . Robots Melted 1 | . 1 . Combat Hostiles 1 | . 1 . Parts Melted 2 | . 2 . Heat Transferred 1480 | . 1073 407 Parts Sabotaged . | . . . Parts Stolen . | . . . Parts Stripped . | . . . Power Chain Reactions . | . . . Alert | -11 -10 -10 ------- Run | Yrd Mat Min Maximum Alert Level . | . . . Low Security (%) 100 | 100 100 100 Level 1 . | . . . Level 2 . | . . . Level 3 . | . . . Level 4 . | . . . Level 5 . | . . . High Security . | . . . Max Security . | . . . Peak Influence 125 | . 125 30 Initial 7 | . . 7 Average 40 | . 44 4 Influence Increases 439 | . 386 53 Destroy 0b10 Robot/C 200 | . 180 20 Destroy 0b10 Robot/NC 60 | . 55 5 Destroy Leader 66 | . 56 10 Successful Hack 33 | . 33 . Disable Machine 45 | . 45 . Destroy Structure 20 | . 2 18 Lose Combat Pursuer 15 | . 15 . Influence Decreases 439 | . 365 74 Entered New Map 14 | . . 14 Time Decay 372 | . 365 7 Lost Part 53 | . . 53 Squads Dispatched 1 | . 1 . Investigation . | . . . Extermination . | . . . Reinforcement 1 | . 1 . Assault . | . . . Garrison . | . . . Intercept . | . . . Searches Triggered . | . . . Construction Impeded . | . . . Haulers Reinforced . | . . . Active Scanning Responses . | . . . Cargo Convoy Interrupts . | . . . Stealth | -11 -10 -10 --------- Run | Yrd Mat Min Distress Signals 3 | . 3 . Communications Jammed . | . . . Distress Signals . | . . . Times Spotted 32 | . 18 14 Peak Tracking Total 7 | . 3 7 Tactical Retreats 1 | . 1 . Traps | -11 -10 -10 ------- Run | Yrd Mat Min Traps Triggered 2 | . 2 . Indirectly . | . . . Trap Hack Attempts . | . . . Triggered . | . . . Disarmed . | . . . Reprogrammed . | . . . Reused . | . . . Traps Extracted . | . . . Installed . | . . . Triggered . | . . . Machines | -11 -10 -10 ---------- Run | Yrd Mat Min Machines Disabled 3 | . 3 . Max in Single Turn 1 | . 1 . Machines Repaired . | . . . Machines Dismantled . | . . . Machines Sabotaged . | . . . Overloaded Fab Kills . | . . . Hacking | -11 -10 -10 --------- Run | Yrd Mat Min Machines Accessed 5 | . 5 . Terminals 4 | . 4 . Fabricators . | . . . Repair Stations 1 | . 1 . Recycling Units . | . . . Scanalyzers . | . . . Garrison Access . | . . . Total Hacks 16 | . 16 . Successful 9 | . 9 . Failed 7 | . 7 . Catastrophic 1 | . 1 . Database Lockouts . | . . . Manual 10 | . 10 . Terminals 12 | . 12 . Fabricators . | . . . Repair Stations 4 | . 4 . Recycling Units . | . . . Scanalyzers . | . . . Garrison Access . | . . . Terminal Hacks 3 | . 3 . Prototype ID Bank 2 | . 2 . Registered Components 1 | . 1 . Fabricator Hacks . | . . . Repair Station Hacks 2 | . 2 . Scan Component 1 | . 1 . Repair 1 | . 1 . Recycling Unit Hacks . | . . . Scanalyzer . | . . . Garrison Access Hacks . | . . . Unauthorized Hacks 4 | . 4 . Terminals 4 | . 4 . Botnet 3 | . 3 . Operators 1 | . 1 . Fabricators . | . . . Repair Stations . | . . . Recycling Units . | . . . Scanalyzers . | . . . Garrison Access . | . . . Data Cores Recovered . | . . . Used . | . . . Hacking Detections 5 | . 5 . Full Trace Events 1 | . 1 . Feedback Events . | . . . Feedback Blocked . | . . . Robot Schematics Acquired . | . . . Robots Built . | . . . Authchips . | . . . Time . | . . . Total Robot Build Rating . | . . . Part Schematics Acquired . | . . . Parts Built . | . . . Authchips . | . . . Time . | . . . Total Part Build Rating . | . . . Part Studies Acquired . | . . . Parts Repaired 1 | . 1 . Time 51 | . 51 . Parts Recycled . | . . . Recycled Matter . | . . . Retrieved Matter . | . . . Retrieved Components . | . . . Parts Scanalyzed . | . . . Part Schematics Acquired . | . . . Parts Damaged . | . . . Bothacking | -11 -10 -10 ------------ Run | Yrd Mat Min Used RIF Installer . | . . . Robots Hacked . | . . . Non-combat . | . . . Combat . | . . . Robot Hacks Applied . | . . . Relay Couplers Released . | . . . Fabnet Peak Effective % . | . . . Robots Rewired . | . . . Allies Hacked . | . . . Hacks Repelled . | . . . Allies | -11 -10 -10 -------- Run | Yrd Mat Min Total Allies . | . . . Largest Group . | . . . Highest-Rated Group . | . . . Highest-Rated Ally . | . . . Total Orders . | . . . Ally Attacks . | . . . Total Damage . | . . . Kills . | . . . Allies Corrupted . | . . . Allies Melted . | . . . Intel | -11 -10 -10 ------- Run | Yrd Mat Min Active Infowar (turns) . | . . . Robot Analysis Total . | . . . Derelict Logs Recovered . | . . . Drone Launches . | . . . Drone Recoveries . | . . . Exploration | -11 -10 -10 ------------- Run | Yrd Mat Min Turns Passed 1241 | 29 1111 101 Spaces Moved 688 | 43 619 26 Core 68 | 42 26 . Treads 29 | 1 28 . Legs . | . . . Wheels 591 | . 565 26 Hover . | . . . Flight . | . . . Fastest Speed 50 | 50 50 130 Average Speed 129 | 52 135 130 Slowest Speed 320 | 160 320 130 Overloaded Moves . | . . . Propulsion Burnouts . | . . . Robots Hopped . | . . . Potential Cave-ins . | . . . Cave-ins Triggered . | . . . Exploration Rate (%) 28 | 3 71 12 Regions Visited 2 Branch Regions 1 Pre-discovered Areas . | . . . Known Exits Taken . | . . . Unknown Exits Taken 2 | 1 1 . Scrap Searched . | . . . Spaces Dug 22 | . . 22 Terrain Destroyed 40 | . . 40 Melee . | . . . Projectile 4 | . . 4 AOE 36 | . . 36 Terrain Rammed . | . . . Walls Destroyed . | . . . Machines Disabled . | . . . Actions | -11 -10 -10 --------- Run | Yrd Mat Min Total 906 | 46 796 64 Wait 88 | . 82 6 Move 686 | 42 618 26 Hop . | . . . Pick Up 29 | . 28 1 Fast Attach 8 | 4 4 . Attach 11 | . 3 8 Detach 4 | . 4 . Swap 7 | . 4 3 Drop 4 | . 4 . Fire 68 | . 48 20 Melee . | . . . Ram 1 | . 1 . Kick . | . . . Crush . | . . . Escape Stasis . | . . . Rewire . | . . . Trap . | . . . Miscellaneous . | . . . Route ------- -11/Scrapyard -10/Materials (discovered 2 exits: [*Mat] / [*Min]) -10/Mines History --------- Turn | Location | Event 9 | -11/Scrapyard | Discovered new exit (range 15) 30 | -11/Scrapyard | Entered Materials 312 | -10/Materials | Build established: Mutant 425 | -10/Materials | Discovered new exit (range 16) 627 | -10/Materials | Discovered new exit (range 8) 679 | -10/Materials | Build established: Scavenger-Mutant 1098 | -10/Materials | Repaired Adv. Beam Cannon 1141 | -10/Materials | Entered Mines 1142 | -10/Mines | Assembled infested the area 1147 | -10/Mines | Assisted by a Guerilla fighting off Assembled 1174 | -10/Mines | Found a Scrap Suit stashed away for nefarious purposes 1190 | -10/Mines | Found Scrap Suit 1200 | -10/Mines | Core integrity fell below 50% 1216 | -10/Mines | Core integrity fell below 20% 1242 | -10/Mines | Destroyed by as-24484 with Assembled Heavy Rifle Last Messages --------------- 01227_ Destroyed Asb. Hover Unit. 01227_ K-01 Serf collects debris. 01227_ U-05 Engineer builds a Wall. 01228_ The unstable cave ceiling collapses. 01230_ U-05 Engineer lays Concrete. 01231_ U-05 Engineer builds a Wall. 01231_ K-01 Serf collects debris. 01232_ U-05 Engineer builds a Wall. 01233_ as-55285 destroyed. 01235_ U-05 Engineer builds a Wall. 01236_ Lgt. Treads destroyed. 01236_ K-01 Serf collects debris. 01237_ U-05 Engineer lays Concrete. 01238_ U-05 Engineer builds a Wall. 01238_ as-60293 destroyed. 01239_ U-05 Engineer lays Concrete. 01241_ K-01 Serf collects debris. 01241_ Destroyed Asb. F-torch. 01241_ as-10666 destroyed. 01241_ U-05 Engineer lays Concrete. Map ----- +----------------------------------------------------+ | ?????????????????????????????????????????????????? | | ??????????????????????????????????????##?????????? | | ????????????????????????????????????## ##???????? | | ???????????????????????????????????## ##??????? | | ?????????????????????????????????### ##?????? | | ????????????????????????????????## """ #?????? | | ???????????????????????????????## """ #?????? | | ???????????????????????????????? """ #??????? | | ?????????????????????????????????# #???????? | | ??????????????????????????????????# #????????? | | ???????????????????????????????????# ##???????? | | ??????????????????????????????????## ####????? | | ?????????????????????????????????## ## | | ?????????????????????????????????# | | ????????????????????????????????## # | | ??????????????????????????????### ## ## | | ????????????????????????####### #### ##? | | ????????????????????????# #??? ###?? | | ???????????????????#????# #### ##???# ###???? | | ???????????????????# ???# #??## ##?????###?????? | | ???????????????????# ### ########??????????????? | | ???????????????????# ## # #??????????????????? | | ???????????????## ## ### ###???????????? | | ?????????? # = # # ##??????????? | | ???????????## # #= k ##??????????? | | ???????????## ###u| a@% a % ???????? | | ????????????# %u!* # # #??????????? | | ????????????###### # # # # #??????????? | | ????????????# ##* ## # # ##???####??????????? | | ????????????# #???## ###??????????????????? | | | | | | | | | | | | | | | | | | | | | | | | | | | | | | | | | | | | | | | | | +----------------------------------------------------+ Best States ------------- Heat Dissipation 39 Energy Generation 10 Energy Capacity 250 Matter Stores 300 Matter Capacity 300 Sight Range 16 Terrain Scan Density 10 Armor Coverage 150 Evasion (%) 50 Recoil Reduction 2 Item Schematics ----------------- None Robot Schematics ------------------ None Fabricated ------------ Nothing Repaired ---------- Adv. Beam Cannon | 42% | -10/Materials Studied --------- None Alien Tech Used ----------------- None Achievements -------------- None Challenges ------------ None Game ------ Seed ArcZipShield Manual? 0 Play Time 00:08:45 Cumulative 258.8 hours Start 2025.10.26 @ 21:51:15 End 2025.10.26 @ 21:58:24 Sessions 1 Manual Loads 0 Difficulty Rogue Special Mode None Game No. 284 Rogue 284 Adventurer 0 Explorer 0 Win Type - Total 3 Types 3/0/0/0/0/0/0/0/0/0 Lore% 75 Gallery% 70 Achievement% 46 Wizard Run 0 Options --------- Layout 2 ASCII 0 Keyboard 1 Movement Vi Keybinds 0 Fullscreen 2 Font 24/Terminus Map View 50x44 Zoom Use 0% Tactical HUD 1 Map Filters NONE Filters NONE Steam X RUN: baf53597-2086-4c74-bf47-57558a8a9bc2